 Dungeon Crawl Stone Soup version 0.18-a0-884-gb6cfd45 (webtiles) character file.

16013 kroki the Nimble (level 12, -4/79 HPs)
             Began as a Kobold Berserker on Dec 22, 2015.
             Was a High Priest of Trog.
             Slain by a five-headed hydra (10 damage)
             ... on level 2 of the Lair of Beasts.
             The game lasted 00:20:20 (17167 turns).

kroki the Nimble (Kobold Berserker)                Turns: 17167, Time: 00:20:20

Health: -4/79      AC: 12    Str: 16    XL:     12   Next: 64%
Magic:  18/18      EV: 24    Int:  5    God:    Trog [*****.]
Gold:   746        SH:  7    Dex: 23    Spells: 0 memorised, 11 levels left

rFire  . . .     SeeInvis .     M - +0 dagger (venom)
rCold  + . .     Gourm    .     i - -1 ring mail (curse)
rNeg   + . .     Faith    +     C - +0 buckler {rN+}
rPois  .         Spirit   .     n - +1 helmet
rElec  .         Dismiss  .     g - +0 cloak (curse)
rCorr  .         Reflect  .     B - +0 pair of gloves
SustAt .         Harm     .     O - +0 pair of boots
MR     .....                    w - amulet of faith {Faith, !P}
Stlth  +.........               t - ring of protection from cold {rC+, !d}
                                u - +3 ring of dexterity (curse)

@: not resistant to hostile enchantments, very unstealthy
A: carnivore 3
a: Berserk, Trog's Hand, Brothers in Arms, Burn Spellbooks, Renounce Religion


You were on level 2 of the Lair of Beasts.
You worshipped Trog.
Trog was extremely pleased with you.
You were not hungry.

You visited 2 branches of the dungeon, and saw 13 of its levels.

You collected 746 gold pieces.

Inventory:

Hand Weapons
 f - the +5 whip of Tenacity {slash, Str+6 Dex+2}
   (You found it on level 2 of the Lair of Beasts)

   It inflicts extra damage upon your enemies.
   It affects your strength (+6).
   It affects your dexterity (+2).
 l - a +0 dagger
   (You took it off a kobold on level 3 of the Dungeon)
 M - a +0 dagger of venom (weapon)
   (You took it off an orc on level 10 of the Dungeon)
Missiles
 p - 3 throwing nets {=f, !d}
Armour
 g - a cursed +0 cloak (worn)
   (You found it on level 2 of the Dungeon)
 i - a cursed -1 ring mail (worn)
   (You found it on level 11 of the Dungeon)
 m - a +0 chain mail
   (You took it off an orc priest on level 4 of the Dungeon)
 n - a +1 helmet (worn)
   (You found it on level 1 of the Dungeon)
 B - a +0 pair of gloves (worn)
   (You found it on level 5 of the Dungeon)
 C - a +0 buckler of positive energy (worn)
   (You found it on level 7 of the Dungeon)
 O - a +0 pair of boots (worn)
   (You found it on level 10 of the Dungeon)
 P - a +2 hat
   (You took it off Gastronok on level 10 of the Dungeon)
 Q - the cursed +0 leather armour of Hairiness {Int-2 Dex+3 SInv}
   (You took it off a kobold on level 10 of the Dungeon)

   It affects your intelligence (-2).
   It affects your dexterity (+3).
   It lets you see invisible.
   It has a curse placed upon it.
Jewellery
 b - a cursed ring of teleportation {+/*tele, !d}
   (You found it on level 3 of the Dungeon)
 d - an uncursed ring of fire {rF+, rC-}
   (You found it on level 9 of the Dungeon)
 t - a ring of protection from cold (right hand) {rC+, !d}
   (You found it on level 4 of the Dungeon)
 u - a cursed +3 ring of dexterity (left hand)
   (You found it on level 4 of the Dungeon)
 w - an amulet of faith (around neck) {Faith, !P}
   (You found it on level 4 of the Dungeon)
 R - an uncursed ring of invisibility {unknown}
   (You found it on level 2 of the Lair of Beasts)
Wands
 h - a wand of fire (4/15)
   (You found it on level 3 of the Dungeon)
 A - a wand of flame (18/48)
   (You found it on level 6 of the Dungeon)
 D - a wand of invisibility (8/9)
   (You found it on level 6 of the Dungeon)
 F - a wand of disintegration (9/24)
   (You found it on level 7 of the Dungeon)
 G - a wand of teleportation (6/9)
   (You found it on level 7 of the Dungeon)
 K - a wand of confusion (12/48)
   (You found it on level 11 of the Dungeon)
 N - a wand of paralysis (0/24)
   (You took it off an orc wizard on level 10 of the Dungeon)
 S - a wand of enslavement (6/24)
   (You found it on level 11 of the Dungeon)
 V - a wand of draining (4/15)
   (You found it on level 1 of the Lair of Beasts)
 X - a wand of draining (11/15)
   (You found it on level 1 of the Lair of Beasts)
 Y - a wand of confusion (22/48)
   (You found it on level 2 of the Lair of Beasts)
Scrolls
 a - a scroll of enchant armour
 q - 2 scrolls of enchant weapon
 r - 2 scrolls of teleportation
 y - a scroll of fog
 z - 2 scrolls of blinking {!r}
 I - 5 scrolls of magic mapping {!r}
 J - a scroll of immolation {!r}
Potions
 e - 7 potions of brilliance
 j - a potion of haste
 k - 4 potions of curing
 s - 2 potions of flight
 v - 3 potions of might
 x - 3 potions of resistance
 E - a potion of cancellation
 H - 7 potions of heal wounds
 W - a potion of berserk rage {!q}
Books
 U - a book of Transfigurations
   (You found it on level 11 of the Dungeon)
Comestibles
 c - 12 meat rations {@e2}
 o - 5 slices of pizza
 L - 10 royal jellies
 T - 2 beef jerkies


   Skills:
 + Level 10.7 Fighting
 - Level 10.1 Short Blades
 + Level 7.9 Armour
 + Level 11.2 Dodging
 - Level 5.3 Shields
 - Level 8.0 Evocations


You had 11 spell levels left.
You didn't know any spells.

Dungeon Overview and Level Annotations

Branches:
Dungeon (11/15)            Temple (0/1) D:5            Lair (2/8) D:10
    Orc: D:9-12

Altars:
Fedhas
Makhleb
Okawaru
Qazlal

Shops:
D:8 [   D:10 *

Annotations:
Lair:1 exclusion: hydra


Innate Abilities, Weirdness & Mutations

You are small and have problems with some larger weapons.
You are carnivorous and can eat meat at any time.


Message History

You block the five-headed hydra's attack.
The five-headed hydra completely misses you.
The five-headed hydra bites you but does no damage.
You block the five-headed hydra's attack.
You take 2 damage, and have 77/79 hp.
Aim: a five-headed hydra (chance to defeat MR: 28%)
The five-headed hydra easily resists.
This wand has 22 charges left.
The five-headed hydra barely misses you.
The five-headed hydra completely misses you.
The five-headed hydra barely misses you.
You block the five-headed hydra's attack.
The five-headed hydra completely misses you.
Aim: a five-headed hydra (chance to defeat MR: 28%)
The five-headed hydra easily resists.
This wand has 21 charges left.
You block the five-headed hydra's attack.
The five-headed hydra closely misses you.
The five-headed hydra completely misses you. x2
The five-headed hydra bites you.
You take 3 damage, and have 75/79 hp.
Aim: a five-headed hydra (chance to defeat MR: 28%)
The five-headed hydra easily resists.
This wand has 20 charges left.
The five-headed hydra completely misses you.
The five-headed hydra barely misses you. x2
The five-headed hydra bites you but does no damage.
The five-headed hydra bites you.
You take 1 damage, and have 74/79 hp.
Aim: a five-headed hydra (chance to defeat MR: 28%)
The five-headed hydra easily resists.
This wand has 19 charges left.
The five-headed hydra completely misses you.
The five-headed hydra bites you.
The five-headed hydra bites you but does no damage.
The five-headed hydra bites you! The five-headed hydra misses you.
You take 11 damage, and have 63/79 hp.
Aim: a five-headed hydra (chance to defeat MR: 28%)
The five-headed hydra easily resists.
This wand has 18 charges left.
The five-headed hydra bites you but does no damage.
The five-headed hydra misses you.
The five-headed hydra completely misses you.
The five-headed hydra bites you.
You block the five-headed hydra's attack.
You take 2 damage, and have 61/79 hp.
Aim: a five-headed hydra (chance to defeat MR: 28%)
The five-headed hydra easily resists.
This wand has 17 charges left.
The five-headed hydra completely misses you.
The five-headed hydra barely misses you.
The five-headed hydra bites you. The five-headed hydra misses you.
The five-headed hydra bites you.
You take 8 damage, and have 53/79 hp.
Aim: a five-headed hydra (chance to defeat MR: 28%)
The five-headed hydra easily resists.
This wand has 16 charges left.
The five-headed hydra bites you. The five-headed hydra misses you.
The five-headed hydra bites you but does no damage.
The five-headed hydra misses you. x2
You take 2 damage, and have 51/79 hp.
Aim: a five-headed hydra (chance to defeat MR: 28%)
The five-headed hydra easily resists.
This wand has 15 charges left.
You block the five-headed hydra's attack.
The five-headed hydra barely misses you.
The five-headed hydra bites you but does no damage.
You block the five-headed hydra's attack.
The five-headed hydra completely misses you.
Aim: a five-headed hydra (chance to defeat MR: 28%)
The five-headed hydra easily resists.
This wand has 14 charges left.
The five-headed hydra barely misses you.
The five-headed hydra misses you.
You block the five-headed hydra's attack.
The five-headed hydra misses you. The five-headed hydra bites you!
You take 11 damage, and have 40/79 hp.
Aim: a five-headed hydra (chance to defeat MR: 28%)
The five-headed hydra easily resists.
This wand has 13 charges left.
The five-headed hydra completely misses you.
You block the five-headed hydra's attack.
The five-headed hydra misses you.
The five-headed hydra closely misses you.
The five-headed hydra bites you!
You take 7 damage, and have 33/79 hp.
Aim: a five-headed hydra (chance to defeat MR: 28%)
The five-headed hydra easily resists.
This wand has 12 charges left.
The five-headed hydra bites you but does no damage.
The five-headed hydra closely misses you.
The five-headed hydra bites you. x2
The five-headed hydra completely misses you.
You take 7 damage, and have 26/79 hp.
Aim: a five-headed hydra (chance to defeat MR: 28%)
The five-headed hydra easily resists.
Evoking this partially-identified wand wasted a few charges.
The five-headed hydra bites you.
The five-headed hydra barely misses you.
The five-headed hydra bites you!
* * * LOW HITPOINT WARNING * * *
The five-headed hydra bites you.
* * * LOW HITPOINT WARNING * * *
The five-headed hydra completely misses you.
You take 20 damage, and have 6/79 hp.
MASSIVE DAMAGE!!
Aim: a five-headed hydra (chance to defeat MR: 28%)
The five-headed hydra easily resists.
Evoking this partially-identified wand wasted a few charges.
The five-headed hydra bites you!
You die...

........... ........... ... .?
.#.P####... #..#######.# .....
...######.###...#.#.#.#. #.P...
........................ .......
................(....... .......
................./...... .......
#.#...................... .....%.
..............(.@D...............
........................ ........
....#..#.#P....#.#####....#..##..
...########...#### #...#.#..###.
...###### ##..# #P...........
...##.#.#.....#######....#.##.†.P
.............................[...
.............)...................
####†...P.#.##.P#....P.##.#)##P#P


You could see a five-headed hydra.

Vanquished Creatures
  Gastronok (D:10)
  Harold (D:11)
  A hydra (D:11)
  A fire crab (shapeshifter) (D:11)
  An unseen horror (D:11)
  Pikel (D:6)
  An ugly thing (D:11)
  5 elephants
  4 komodo dragons
  3 spiny frogs
  A fire drake (Lair:1)
  A kobold demonologist (D:11)
  Grinder (D:6)
  A two-headed ogre (D:10)
  A basilisk (Lair:2)
  A yak (D:10)
  2 hippogriffs
  Menkaure (D:6)
  4 porcupines
  4 water moccasins
  A wasp (D:8)
  A phantom (D:7)
  2 sky beasts
  A black bear (D:9)
  4 ice beasts
  3 ogres
  4 centaurs
  4 crocodiles
  14 giant frogs
  A scorpion (D:9)
  6 killer bees (D:9)
  9 wights
  4 crimson imps
  8 hounds
  5 jellies
  8 orc priests
  9 orc wizards
  Terence (D:2)
  A giant frog skeleton (D:4)
  A centaur skeleton (D:9)
  8 iguanas
  7 worker ants
  5 sheep
  A hound zombie (D:10)
  3 hound skeletons
  2 worker ant zombies
  12 gnolls
  12 river rats (Lair:2)
  8 adders
  2 shadow imps
  5 oozes (D:9)
  An adder zombie (D:5)
  An adder skeleton (D:4)
  5 worms
  A giant gecko (D:3)
  43 orcs
  3 bats
  7 goblins
  7 hobgoblins
  3 jackals (D:5)
  A ball python (D:2)
  4 giant cockroaches
  3 giant newts
  12 kobolds
  6 quokkas
  4 rats
  A butterfly (Lair:1)
290 creatures vanquished.

Vanquished Creatures (collateral kills)
  A troll (D:11)
  A sheep (D:10)
2 creatures vanquished.

Vanquished Creatures (others)
  A crimson imp (D:6)
  A giant gecko (D:6)
  A quokka skeleton (D:6)
  10 fungi (Lair:2)
  2 plants (Lair:2)
15 creatures vanquished.

Grand Total: 307 creatures vanquished

Notes
Turn   | Place    | Note
--------------------------------------------------------------
     0 | D:1      | kroki the Kobold Berserker began the quest for the Orb.
     0 | D:1      | Reached XP level 1. HP: 14/14 MP: 1/1
    24 | D:1      | Reached XP level 2. HP: 16/19 MP: 2/2
   335 | D:1      | Reached skill level 5 in Short Blades
   739 | D:1      | Reached XP level 3. HP: 23/23 MP: 3/3
  1353 | D:2      | Noticed Terence
  1369 | D:2      | Killed Terence
  1369 | D:2      | Reached skill level 1 in Shields
  1369 | D:2      | Reached XP level 4. HP: 28/28 MP: 4/4
  1503 | D:2      | Reached ** piety under Trog
  2088 | D:2      | Reached skill level 6 in Short Blades
  2538 | D:3      | Found a burning altar of Makhleb.
  2538 | D:3      | Found a blossoming altar of Fedhas.
  2556 | D:3      | Reached XP level 5. HP: 32/32 MP: 5/5
  2680 | D:3      | Found a faded altar to an unknown god.
  2744 | D:3      | Reached skill level 2 in Shields
  3101 | D:4      | Reached XP level 6. HP: 28/37 MP: 6/6
  3535 | D:4      | Reached skill level 7 in Short Blades
  3656 | D:4      | Reached *** piety under Trog
  3669 | D:4      | Reached skill level 3 in Dodging
  3719 | D:4      | Reached skill level 2 in Armour
  3727 | D:4      | Reached XP level 7. HP: 38/42 MP: 7/7
  4069 | D:5      | Entered Level 5 of the Dungeon
  4090 | D:5      | Reached skill level 3 in Shields
  4192 | D:5      | Found an iron altar of Okawaru.
  4341 | D:5      | Found a staircase to the Ecumenical Temple.
  4365 | D:5      | Reached skill level 4 in Fighting
  4863 | D:6      | Noticed Menkaure
  4875 | D:6      | Killed Menkaure
  4875 | D:6      | Reached skill level 4 in Dodging
  4875 | D:6      | Reached XP level 8. HP: 20/48 MP: 8/8
  5102 | D:6      | Noticed Pikel
  5117 | D:6      | Killed Pikel
  5117 | D:6      | Reached skill level 5 in Fighting
  5117 | D:6      | Reached skill level 8 in Short Blades
  5117 | D:6      | Reached skill level 3 in Armour
  5219 | D:6      | Noticed Grinder
  5226 | D:6      | Killed Grinder
  5226 | D:6      | Reached skill level 5 in Dodging
  5226 | D:6      | Reached skill level 4 in Shields
  5226 | D:6      | Reached XP level 9. HP: 54/54 MP: 9/9
  5652 | D:7      | Found a stormy altar of Qazlal.
  5987 | D:7      | Reached **** piety under Trog
  6619 | D:8      | Reached skill level 9 in Short Blades
  6619 | D:8      | Reached skill level 4 in Armour
  6736 | D:8      | Reached skill level 6 in Fighting
  6976 | D:8      | Found Xigyt's Armour Emporium.
  7003 | D:8      | Reached skill level 6 in Dodging
  7611 | D:8      | Reached skill level 5 in Shields
  7884 | D:9      | Reached XP level 10. HP: 61/61 MP: 10/10
  8162 | D:9      | Reached skill level 10 in Short Blades
  8248 | D:9      | Reached skill level 5 in Armour
  8248 | D:9      | Reached skill level 7 in Dodging
  8334 | D:9      | Reached skill level 7 in Fighting
  8355 | D:9      | Reached ***** piety under Trog
  9389 | D:10     | Entered Level 10 of the Dungeon
  9730 | D:10     | Reached skill level 8 in Dodging
 10052 | D:10     | Paralysed by an orc wizard for 4 turns
 10225 | D:10     | Reached skill level 8 in Fighting
 10227 | D:10     | Got a warped leather armour
 10263 | D:10     | Identified the cursed +0 leather armour of Hairiness {Int-2 Dex+3 SInv} (You took it off a kobold on level 10 of the Dungeon)
 10439 | D:10     | Found Wid Josto's Assorted Antiques.
 10474 | D:10     | Noticed a spiny frog
 10487 | D:10     | Noticed an elephant
 10493 | D:10     | Killed a spiny frog
 10512 | D:10     | Killed an elephant
 10512 | D:10     | Reached skill level 6 in Armour
 10531 | D:10     | Reached XP level 11. HP: 23/69 MP: 11/11
 10598 | D:10     | Found a staircase to the Lair.
 10745 | D:10     | Noticed Gastronok
 10782 | D:10     | Killed Gastronok
 10782 | D:10     | Reached skill level 9 in Fighting
 10782 | D:10     | Reached skill level 9 in Dodging
 11145 | D:11     | Noticed a red ugly thing
 11168 | D:11     | Killed a red ugly thing
 11247 | D:11     | Noticed a fire crab
 11257 | D:11     | Killed a fire crab
 11257 | D:11     | Reached skill level 7 in Armour
 11257 | D:11     | Reached skill level 10 in Dodging
 11503 | D:11     | Killed an unseen horror
 11776 | D:11     | Received a gift from Trog
 11950 | D:11     | Noticed Harold
 12058 | D:11     | Reached skill level 10 in Fighting
 12206 | D:11     | Killed Harold
 12360 | D:11     | Noticed a soul eater
 12509 | D:11     | Noticed an eight-headed hydra
 12518 | D:11     | Killed an eight-headed hydra
 12518 | D:11     | Reached skill level 3 in Evocations
 12681 | Lair:1   | Entered Level 1 of the Lair of Beasts
 12726 | Lair:1   | Reached skill level 4 in Evocations
 12726 | Lair:1   | Reached XP level 12. HP: 65/77 MP: 13/15
 13652 | Lair:1   | Noticed a five-headed hydra
 13782 | Lair:1   | Reached skill level 5 in Evocations
 14423 | Lair:2   | Received a gift from Trog
 14423 | Lair:2   | Reached skill level 6 in Evocations
 14671 | Lair:2   | Noticed a five-headed hydra
 14678 | Lair:2   | HP: 17/77 [five-headed hydra (4)]
 15058 | Lair:2   | Reached skill level 7 in Evocations
 15354 | Lair:2   | Reached skill level 8 in Evocations
 16201 | Lair:2   | Reached skill level 11 in Dodging
 16546 | Lair:2   | Got a steaming whip
 16548 | Lair:2   | Identified the +5 whip of Tenacity {slash, Str+6 Dex+2} (You found it on level 2 of the Lair of Beasts)
 17166 | Lair:2   | HP: 11/79 [five-headed hydra (13)]
 17167 | Lair:2   | Slain by a five-headed hydra

Vault maps used:
D:1:      dpeg_chamrin_arrival_tetris, serial_bayou_lagoon_b
D:2:      uniq_terence
D:3:      gammafunk_temple_overflow_wave, ecumenical_altar_1, first_bread,
          minivault_11
D:5:      minmay_temple_entry_junction, okawaru_metal_pillars_1_2
D:6:      uniq_grinder, uniq_pikel, uniq_menkaure
D:7:      nicolae_qazlal_general_emergency
D:8:      serial_shops, nicolae_shop_competitors_out_of_business
D:9:      hangedman_little_slice_of_home
D:10:     david_lair_generic, serial_shops, shop, uniq_gastronok
D:11:     minmay_wavy_crystal, st_stairs_9, kennysheep_generic_room_10,
          uniq_harold
Lair:1:   minivault_26, serial_bayou_shore_a, lemuel_fruit_fields,
          infiniplex_staircase_pool_2, grunt_megastairs_4
Lair:2:   lemuel_fruit_fields

Action                   |  1- 3 |  4- 6 |  7- 9 | 10-12 || total
-------------------------+-------+-------+-------+-------++-------
Melee: Short sword       |    89 |   244 |   477 |   258 ||  1068
       Dagger            |       |       |       |  1186 ||  1186
Invok: Berserk           |     4 |     6 |     8 |    13 ||    31
       Trog's Hand       |       |       |     1 |     1 ||     2
       Brothers in Arms  |       |       |       |     3 ||     3
Evoke: Wand              |       |       |       |    23 ||    23
  Use: Scroll            |       |     9 |     9 |    10 ||    28
       Potion            |       |       |       |     4 ||     4
  Eat: Chunk             |     8 |    16 |    24 |    37 ||    85
       Beef jerky        |       |       |       |     2 ||     2

Vault maps used:
D:1:      dpeg_chamrin_arrival_tetris, serial_bayou_lagoon_b
D:2:      uniq_terence
D:3:      gammafunk_temple_overflow_wave, ecumenical_altar_1, first_bread,
          minivault_11
D:5:      minmay_temple_entry_junction, okawaru_metal_pillars_1_2
D:6:      uniq_grinder, uniq_pikel, uniq_menkaure
D:7:      nicolae_qazlal_general_emergency
D:8:      serial_shops, nicolae_shop_competitors_out_of_business
D:9:      hangedman_little_slice_of_home
D:10:     david_lair_generic, serial_shops, shop, uniq_gastronok
D:11:     minmay_wavy_crystal, st_stairs_9, kennysheep_generic_room_10,
          uniq_harold
Lair:1:   minivault_26, serial_bayou_shore_a, lemuel_fruit_fields,
          infiniplex_staircase_pool_2, grunt_megastairs_4
Lair:2:   lemuel_fruit_fields

Table legend:
 A = Turns spent in this place as a percentage of turns spent in the entire game.
 B = Non-inter-level travel turns spent in this place as a percentage of non-inter-level travel turns spent in the entire game.
 C = Inter-level travel turns spent in this place as a percentage of turns spent in this place.
 D = Turns resting spent in this place as a percentage of non-inter-level travel turns spent in this place.
 E = Turns spent auto-exploring this place as a percentage of non-inter-level travel turns spent in this place.
 F = Non-inter-level travel turns spent in this place divided by the number of levels of this place that you've seen.
                   A       B       C       D       E      F
               +-------+-------+-------+-------+-------+----------------------
         Total | 100.0 | 100.0 |   0.4 |   3.8 |   5.6 | 503.5
       Dungeon |  74.0 |  73.9 |   0.5 |   4.2 |   6.5 | 439.7
          Lair |  26.0 |  26.1 |   0.1 |   2.8 |   2.9 | 854.5
               +-------+-------+-------+-------+-------+----------------------

Table legend:
 A = Kills in this place as a percentage of kills in entire the game.
 B = Kills by you in this place as a percentage of kills by you in the entire game.
 C = Kills by friends in this place as a percentage of kills by friends in the entire game.
 D = Other kills in this place as a percentage of other kills in the entire game.
 E = Experience gained in this place as a percentage of experience gained in the entire game.
 F = Experience gained in this place divided by the number of levels of this place that you have seen.
                   A       B       C       D       E      F
               +-------+-------+-------+-------+-------+----------------------
         Total | 100.0 | 100.0 | 100.0 |  -nan | 100.0 | 1759.8
       Dungeon |  82.1 |  82.0 | 100.0 |  -nan |  67.3 | 1399.8
          Lair |  17.9 |  18.0 |   0.0 |  -nan |  32.7 | 3739.5
               +-------+-------+-------+-------+-------+----------------------
